Manchots vs Spitfire

Created - 11 mars 2013 at 19:03

Goals
1 2 3 T
Manchots 1 1 1 3
Spitfire 0 0 1 1
Shots
1 2 3 T
Manchots 10 9 9 28
Spitfire 5 14 13 32

1st period

1. Manchots , Jamie Benn 9 (Matt Corrente, Martin Hanzal) at 9:57

Penalties :
Tim Kennedy (Val) for Hooking (Minor) at 0:31, Wade Belak (Out) for Hooking (Minor) at 5:43

2nd period

2. Manchots , Martin Hanzal 41 (Wade Belak, Ilkka Heikkinen) at 18:30

Penalties :
Cal Clutterbuck (Out) for High sticking (Minor) at 1:08, Ryan Callahan (Val) for Holding (Minor) at 10:45

3rd period

3. Manchots , Martin Hanzal 42 (Wade Belak, Matt Corrente) at 10:05
4. Spitfire , Ryan Callahan 26 (David Krejci, Martin Samuelsson) at 11:42

Penalties :
Cal Clutterbuck (Out) for Tripping (Minor) at 7:37

Goalie Stats

Ondrej Pavelec (Out), 31 saves from 32 shots - (0,969), W, 17-7-4, 60:00 minutes
Marc Denis (Val), 25 saves from 28 shots - (0,893), L, 25-9-3, 60:00 minutes

Players Stats for Manchots

Player Name              G  A  P  +/- PIM S  H  SB GA TA FO     MP     PP MP  PK MP  
------------------------------------------------------------------------------------
Alexander Radulov        0  0  0   0  0   3  2  0  2  0  1/1    17:48   2:10   0:00 
Cal Clutterbuck          0  0  0   0  4   0  4  0  0  0  0/0    10:21   0:00   0:00 
Denis Arkhipov           0  0  0   0  0   0  1  0  0  0  6/11   11:47   0:06   3:13 
Eric Tangradi            0  0  0   0  0   1  0  0  1  0  0/0     8:21   0:00   0:00 
Fredrik Sjostrom         0  0  0   0  0   0  1  0  0  0  0/1    19:13   2:10   1:36 
Hal Gill                 0  0  0   0  0   1  2  1  1  1  0/0    25:27   1:49   3:13 
Ilkka Heikkinen          0  1  1   3  0   3  2  1  0  1  0/0    22:10   2:09   2:44 
Jamie Benn               1  0  1   2  0   2  2  0  0  1  1/1    19:00   1:48   1:02 
Kris Russell             0  0  0  -1  0   0  0  0  0  0  0/0    16:56   1:49   2:44 
Logan Couture            0  0  0   0  0   2  5  1  0  1  3/10   18:46   2:04   1:08 
Martin Hanzal            2  1  3   2  0   7  2  1  0  1  8/17   17:23   1:48   0:00 
Matt Corrente            0  2  2   3  0   1  1  0  0  0  0/0    17:32   0:00   0:00 
Pernell Karl Subban      0  0  0   0  0   0  2  2  0  1  0/0    22:18   2:09   0:00 
Petr Sykora              0  0  0   0  0   3  2  0  0  1  0/1    15:39   1:48   3:19 
Richard Petiot           0  0  0  -1  0   1  3  1  1  0  0/0    15:37   0:00   3:13 
Spencer Machacek         0  0  0   0  0   0  0  0  0  0  1/1     8:10   0:00   0:00 
Tyler Kennedy            0  0  0   0  0   3  0  0  0  0  2/5    11:50   0:00   1:36 
Wade Belak               0  2  2   2  2   1  1  0  1  0  0/0    15:42   0:00   0:00 

Players Stats for Spitfire

Player Name              G  A  P  +/- PIM S  H  SB GA TA FO     MP     PP MP  PK MP  
------------------------------------------------------------------------------------
Brad Staubitz            0  0  0   0  0   0  0  1  0  0  0/0     4:09   0:00   0:00 
Danny Syvret             0  0  0  -2  0   1  2  0  0  0  0/0    14:02   0:00   0:03 
David Krejci             0  1  1   1  0   5  2  0  1  0  11/25  19:30   3:12   0:05 
Denis Shvidki            0  0  0  -1  0   4  2  0  0  0  1/2    17:21   2:40   1:18 
Devin Didiomete          0  0  0   0  0   0  0  0  0  0  0/0     7:26   0:00   0:00 
Erik Condra              0  0  0   0  0   1  0  0  0  0  0/0     7:26   0:00   0:00 
Keaton Ellerby           0  0  0  -2  0   2  3  1  0  0  0/0    23:55   0:00   1:41 
Kevin Klein              0  0  0   0  0   1  1  1  0  0  0/0    27:57   3:42   2:17 
Kris Beech               0  0  0  -1  0   1  0  0  0  0  7/10   16:25   2:40   0:00 
Marc-Antoine Pouliot     0  0  0  -2  0   4  0  0  0  0  2/3    12:46   0:05   0:00 
Martin Samuelsson        0  1  1   1  0   1  3  0  3  0  0/0    21:29   3:15   1:59 
Mathieu Roy              0  0  0   0  0   3  2  0  1  0  0/0    19:36   2:15   1:38 
Matt Walker              0  0  0   0  0   2  1  1  1  3  0/0    27:53   3:42   2:17 
Paul Bissonnette         0  0  0  -2  0   1  2  0  0  0  0/0    13:32   0:02   0:53 
Ryan Callahan            1  0  1   1  2   1  2  0  1  3  2/3    20:39   3:17   0:47 
Shawn Matthias           0  0  0   0  0   0  1  0  0  0  1/3     9:02   0:00   0:47 
Shean Donovan            0  0  0  -2  0   2  3  0  0  0  2/2    16:00   2:15   2:00 
Tim Kennedy              0  0  0  -1  2   3  4  0  0  0  0/0    16:52   2:40   0:07 

3 Stars

1 - Martin Hanzal (Out)
2 - Ondrej Pavelec (Out)
3 - Matt Corrente (Out)

Power Play

Manchots - 0 on 2 Attempt(s) - 0,00%
Spitfire - 0 on 3 Attempt(s) - 0,00%

Penalty Kill

Manchots - 3 on 3 Attempt(s) - 100,00% - Score 0 goal in Penalty Kill
Spitfire - 2 on 2 Attempt(s) - 100,00% - Score 0 goal in Penalty Kill

Official

Referees : Walsh Ian and O'Halloran Dan
Linesman : Shane Heyer and Derek Nansen

Game Notes

9:57 of 1st period - Manchots goal is going for a video replay. After video review, Goal.

Manchots

5 vs 5 Forward 
   Center                   Left Wing                Right Wing               Time % Phy DF OF 
 1 Logan Couture            Fredrik Sjostrom         Alexander Radulov        38     0   1  4  
 2 Martin Hanzal            Jamie Benn               Wade Belak               37     0   1  4  
 3 Tyler Kennedy            Cal Clutterbuck          Petr Sykora              18     0   1  4  
 4 Denis Arkhipov           Eric Tangradi            Spencer Machacek         7      1   1  3  

5 vs 5 Defense 
   Defense                  Defense                                           Time % Phy DF OF 
 1 Pernell Karl Subban      Hal Gill                                          40     1   2  2  
 2 Matt Corrente            Ilkka Heikkinen                                   30     1   2  2  
 3 Kris Russell             Richard Petiot                                    17     1   2  2  
 4 Hal Gill                 Pernell Karl Subban                               13     1   1  3  

PowerPlay Forward 
   Center                   Left Wing                Right Wing               Time % Phy DF OF 
 1 Logan Couture            Fredrik Sjostrom         Alexander Radulov        60     0   1  4  
 2 Martin Hanzal            Jamie Benn               Petr Sykora              40     0   1  4  

PowerPlay Defense
   Defense                  Defense                                           Time % Phy DF OF 
 1 Ilkka Heikkinen          Pernell Karl Subban                               60     1   1  3  
 2 Hal Gill                 Kris Russell                                      40     1   1  3  

Penalty Kill 4 Players Forward 
   Center                   Wing                     Time % Phy DF OF 
 1 Denis Arkhipov           Petr Sykora              60     1   2  2  
 2 Tyler Kennedy            Fredrik Sjostrom         40     1   2  2  

Penalty Kill 4 Players Defense
   Defense                  Defense                  Time % Phy DF OF 
 1 Hal Gill                 Richard Petiot           60     1   2  2  
 2 Ilkka Heikkinen          Kris Russell             40     1   2  2  

Penalty Kill - 3 Players Forward 
   Forward                                           Time % Phy DF OF 
 1 Denis Arkhipov                                    60     1   3  1  
 2 Tyler Kennedy                                     40     1   3  1  

Penalty Kill - 3 Players Defense
   Defense                  Defense                  Time % Phy DF OF 
 1 Kris Russell             Hal Gill                 60     1   3  1  
 2 Richard Petiot           Ilkka Heikkinen          40     1   3  1  

4 vs 4 Forward 
   Center                   Wing                     Time % Phy DF OF 
 1 Logan Couture            Alexander Radulov        60     1   1  3  
 2 Martin Hanzal            Jamie Benn               40     1   1  3  

4 vs 4 Defense
   Defense                  Defense                  Time % Phy DF OF 
 1 Pernell Karl Subban      Ilkka Heikkinen          60     1   1  3  
 2 Hal Gill                 Richard Petiot           40     1   1  3  

Last Minutes Offensive
   Center                   Left Wing                Right Wing               Defense                  Defense                  
   Martin Hanzal            Fredrik Sjostrom         Petr Sykora              Ilkka Heikkinen          Pernell Karl Subban      

Last Minutes Defensive
   Center                   Left Wing                Right Wing               Defense                  Defense                  
   Denis Arkhipov           Fredrik Sjostrom         Wade Belak               Richard Petiot           Hal Gill                 

Goaltenders
Starting : Ondrej Pavelec           
Backup : Sebastien Caron          

Extra Forwards
Normal : Fredrik Sjostrom, Alexander Radulov, Jamie Benn - PP : Petr Sykora, Fredrik Sjostrom - PK : Denis Arkhipov
Extra Defensemen
Normal : Hal Gill, Pernell Karl Subban, Kris Russell - PP : Pernell Karl Subban - PK : Ilkka Heikkinen, Hal Gill
Penalty Shots
Alexander Radulov, Fredrik Sjostrom, Petr Sykora, Logan Couture, Denis Arkhipov

Spitfire

5 vs 5 Forward 
   Center                   Left Wing                Right Wing               Time % Phy DF OF 
 1 David Krejci             Martin Samuelsson        Ryan Callahan            40     1   2  2  
 2 Kris Beech               Tim Kennedy              Denis Shvidki            30     1   2  2  
 3 Marc-Antoine Pouliot     Paul Bissonnette         Shean Donovan            20     1   2  2  
 4 Shawn Matthias           Devin Didiomete          Erik Condra              10     1   2  2  

5 vs 5 Defense 
   Defense                  Defense                                           Time % Phy DF OF 
 1 Kevin Klein              Matt Walker                                       40     1   2  2  
 2 Mathieu Roy              Keaton Ellerby                                    30     1   2  2  
 3 Danny Syvret             Keaton Ellerby                                    20     1   2  2  
 4 Kevin Klein              Matt Walker                                       10     1   2  2  

PowerPlay Forward 
   Center                   Left Wing                Right Wing               Time % Phy DF OF 
 1 David Krejci             Martin Samuelsson        Ryan Callahan            60     1   2  2  
 2 Kris Beech               Tim Kennedy              Denis Shvidki            40     1   2  2  

PowerPlay Defense
   Defense                  Defense                                           Time % Phy DF OF 
 1 Kevin Klein              Matt Walker                                       60     1   2  2  
 2 Mathieu Roy              Shean Donovan                                     40     1   2  2  

Penalty Kill 4 Players Forward 
   Center                   Wing                     Time % Phy DF OF 
 1 Shean Donovan            Martin Samuelsson        60     1   2  2  
 2 Denis Shvidki            Ryan Callahan            40     1   2  2  

Penalty Kill 4 Players Defense
   Defense                  Defense                  Time % Phy DF OF 
 1 Kevin Klein              Matt Walker              60     1   2  2  
 2 Mathieu Roy              Keaton Ellerby           40     1   2  2  

Penalty Kill - 3 Players Forward 
   Forward                                           Time % Phy DF OF 
 1 Shean Donovan                                     60     1   2  2  
 2 Martin Samuelsson                                 40     1   2  2  

Penalty Kill - 3 Players Defense
   Defense                  Defense                  Time % Phy DF OF 
 1 Kevin Klein              Matt Walker              60     1   2  2  
 2 Mathieu Roy              Keaton Ellerby           40     1   2  2  

4 vs 4 Forward 
   Center                   Wing                     Time % Phy DF OF 
 1 Shean Donovan            Martin Samuelsson        60     1   2  2  
 2 Denis Shvidki            Ryan Callahan            40     1   2  2  

4 vs 4 Defense
   Defense                  Defense                  Time % Phy DF OF 
 1 Kevin Klein              Matt Walker              60     1   2  2  
 2 Mathieu Roy              Keaton Ellerby           40     1   2  2  

Last Minutes Offensive
   Center                   Left Wing                Right Wing               Defense                  Defense                  
   David Krejci             Martin Samuelsson        Shean Donovan            Kevin Klein              Matt Walker              

Last Minutes Defensive
   Center                   Left Wing                Right Wing               Defense                  Defense                  
   David Krejci             Martin Samuelsson        Shean Donovan            Kevin Klein              Matt Walker              

Goaltenders
Starting : Marc Denis               
Backup : Todd Ford                

Extra Forwards
Normal : Tim Kennedy, Marc-Antoine Pouliot, Shawn Matthias - PP : Tim Kennedy, Marc-Antoine Pouliot - PK : Shawn Matthias
Extra Defensemen
Normal : Danny Syvret, Keaton Ellerby, Mathieu Roy - PP : Danny Syvret - PK : Keaton Ellerby, Mathieu Roy
Penalty Shots
Shean Donovan, Martin Samuelsson, Denis Shvidki, Ryan Callahan, David Krejci

% Time on Ice - Manchots

Lines # - Real PCT - Wanted PCT - Time Play
Normal Forward
1 - 32% - 38% - 16:06
2 - 31% - 37% - 15:35
3 - 20% - 18% - 10:14
4 - 16% - 7% - 8:10
Normal Defense
1 - 36% - 40% - 17:55
2 - 36% - 30% - 17:48
3 - 24% - 17% - 12:07
4 - 4% - 13% - 2:15
PP Forward
1 - 55% - 60% - 2:10
2 - 45% - 40% - 1:48
PP Defense
1 - 54% - 60% - 2:09
2 - 46% - 40% - 1:49
PK Forward
1 - 73% - 60% - 4:21
2 - 27% - 40% - 1:36
PK Defense
1 - 54% - 60% - 3:13
2 - 46% - 40% - 2:44
PK3 Forward
1 - 0% - 60%
2 - 0% - 40%
PK3 Defense
1 - 0% - 60%
2 - 0% - 40%
44 Forward
1 - 0% - 60%
2 - 0% - 40%
44 Defense
1 - 0% - 60%
2 - 0% - 40%
Last Minute Offensive  - 0:00
Last Minute Defensive  - 0:00
Total
Forward - 60:00
Defense - 60:00

% Time on Ice - Spitfire

Lines # - Real PCT - Wanted PCT - Time Play
Normal Forward
1 - 35% - 40% - 17:24
2 - 28% - 30% - 13:50
3 - 23% - 20% - 11:25
4 - 15% - 10% - 7:26
Normal Defense
1 - 39% - 40% - 19:46
2 - 31% - 30% - 15:41
3 - 25% - 20% - 12:30
4 - 4% - 10% - 2:08
PP Forward
1 - 55% - 60% - 3:17
2 - 45% - 40% - 2:40
PP Defense
1 - 62% - 60% - 3:42
2 - 38% - 40% - 2:15
PK Forward
1 - 67% - 60% - 2:40
2 - 33% - 40% - 1:18
PK Defense
1 - 58% - 60% - 2:17
2 - 42% - 40% - 1:41
PK3 Forward
1 - 0% - 60%
2 - 0% - 40%
PK3 Defense
1 - 0% - 60%
2 - 0% - 40%
44 Forward
1 - 0% - 60%
2 - 0% - 40%
44 Defense
1 - 0% - 60%
2 - 0% - 40%
Last Minute Offensive  - 0:00
Last Minute Defensive  - 0:00
Total
Forward - 60:00
Defense - 60:00

Play by Play

1st period


0:01 of 1st period - David Krejci wins face-off versus Logan Couture in neutral zone.
0:31 of 1st period - Minor Penalty to Tim Kennedy for Hooking.
0:32 of 1st period - Shean Donovan wins face-off versus Logan Couture in Spitfire zone.
0:43 of 1st period - Snap shot by Logan Couture.
0:43 of 1st period - Shot Misses the Net.
0:45 of 1st period - Slapshot by Ilkka Heikkinen.
0:45 of 1st period - Shot Blocked by Matt Walker.
0:47 of 1st period - Slapshot by Ilkka Heikkinen.
0:47 of 1st period - Shot Blocked by Kevin Klein.
2:31 of 1st period - Penalty to Tim Kennedy is over, Tim Kennedy is back on ice.
2:31 of 1st period - Kris Russell is hit by Tim Kennedy and loses puck.
2:50 of 1st period - Matt Corrente is hit by Shawn Matthias and loses puck.
4:10 of 1st period - Martin Samuelsson is hit by Fredrik Sjostrom and loses puck.
4:55 of 1st period - Erik Condra is hit by Petr Sykora.
5:40 of 1st period - Off-side.
5:41 of 1st period - David Krejci wins face-off versus Martin Hanzal in neutral zone.
5:43 of 1st period - Minor Penalty to Wade Belak for Hooking.
5:44 of 1st period - David Krejci wins face-off versus Denis Arkhipov in Manchots zone.
5:45 of 1st period - Slapshot by Ryan Callahan.
5:45 of 1st period - Deflect By David Krejci.
5:45 of 1st period - Stopped by Ondrej Pavelec without a rebound.
5:46 of 1st period - Denis Arkhipov wins face-off versus David Krejci in Manchots zone.
7:43 of 1st period - Penalty to Wade Belak is over, Wade Belak is back on ice.
7:55 of 1st period - Mathieu Roy is hit by Jamie Benn and loses puck.
8:00 of 1st period - Wrist shot by Martin Hanzal.
8:00 of 1st period - Stopped by Marc Denis with a rebound.
8:02 of 1st period - Wrist shot by Wade Belak.
8:02 of 1st period - Shot Misses the Net.
8:12 of 1st period - Shean Donovan is hit by Alexander Radulov and loses puck.
8:31 of 1st period - Erik Condra is hit by Wade Belak.
8:41 of 1st period - Denis Shvidki is hit by Richard Petiot and loses puck.
9:30 of 1st period - Slapshot by Keaton Ellerby.
9:30 of 1st period - Shot Misses the Net.
9:33 of 1st period - Icing by Ilkka Heikkinen.
9:34 of 1st period - Kris Beech wins face-off versus Martin Hanzal in Manchots zone.
9:53 of 1st period - Slapshot by Martin Hanzal.
9:53 of 1st period - Stopped by Marc Denis with a rebound.
9:55 of 1st period - Slapshot by Matt Corrente.
9:55 of 1st period - Shot Misses the Net.
9:57 of 1st period - Wrist shot by Jamie Benn.
9:57 of 1st period - Manchots goal is going for a video replay.
9:57 of 1st period - The goal is good.
9:57 of 1st period - Goal by Jamie Benn - Manchots : 1 - Spitfire : 0.
9:58 of 1st period - Logan Couture wins face-off versus David Krejci in neutral zone.
10:23 of 1st period - Kris Beech is hit by Hal Gill and loses puck.
10:28 of 1st period - Wrist shot by Martin Hanzal.
10:28 of 1st period - Stopped by Marc Denis without a rebound.
10:29 of 1st period - Kris Beech wins face-off versus Martin Hanzal in Spitfire zone.
10:42 of 1st period - Wrist shot by Wade Belak.
10:42 of 1st period - Shot Misses the Net.
10:56 of 1st period - Kris Russell is hit by Martin Samuelsson and loses puck.
11:38 of 1st period - Snap shot by Petr Sykora.
11:38 of 1st period - Shot Misses the Net.
12:12 of 1st period - Ilkka Heikkinen is hit by David Krejci and loses puck.
12:35 of 1st period - Shean Donovan is hit by Ilkka Heikkinen and loses puck.
12:40 of 1st period - Wrist shot by Petr Sykora.
12:40 of 1st period - Deflect By Tyler Kennedy.
12:40 of 1st period - Deflect By Shean Donovan.
12:40 of 1st period - Stopped by Marc Denis with a rebound.
12:42 of 1st period - Wrist shot by Tyler Kennedy.
12:42 of 1st period - Shot Misses the Net.
12:44 of 1st period - Slapshot by Matt Corrente.
12:44 of 1st period - Stopped by Marc Denis with a rebound.
12:46 of 1st period - Backhand shot by Ilkka Heikkinen.
12:46 of 1st period - Stopped by Marc Denis with a rebound.
12:48 of 1st period - Snap shot by Petr Sykora.
12:48 of 1st period - Stopped by Marc Denis with a rebound.
12:58 of 1st period - Wrist shot by Tim Kennedy.
12:58 of 1st period - Stopped by Ondrej Pavelec with a rebound.
13:00 of 1st period - Slapshot by Matt Walker.
13:00 of 1st period - Shot Misses the Net.
13:02 of 1st period - Snap shot by Kevin Klein.
13:02 of 1st period - Deflect By Tim Kennedy.
13:02 of 1st period - Shot Blocked by Martin Hanzal.
13:02 of 1st period - Puck is out of play.
13:03 of 1st period - Martin Hanzal wins face-off versus Kris Beech in Manchots zone.
13:46 of 1st period - Off-side.
13:47 of 1st period - Marc-Antoine Pouliot wins face-off versus Tyler Kennedy in neutral zone.
13:58 of 1st period - Slapshot by Marc-Antoine Pouliot.
13:58 of 1st period - Stopped by Ondrej Pavelec with a rebound.
14:27 of 1st period - David Krejci is hit by Alexander Radulov and loses puck.
14:42 of 1st period - Snap shot by Ryan Callahan.
14:42 of 1st period - Deflect By Richard Petiot.
14:42 of 1st period - Shot Misses the Net.
14:42 of 1st period - Puck is out of play.
14:43 of 1st period - Kris Beech wins face-off versus Martin Hanzal in Manchots zone.
14:44 of 1st period - Wrist shot by Denis Shvidki.
14:44 of 1st period - Stopped by Ondrej Pavelec without a rebound.
14:45 of 1st period - Martin Hanzal wins face-off versus Kris Beech in Manchots zone.
16:03 of 1st period - Matt Corrente is hit by Danny Syvret and loses puck.
16:10 of 1st period - Slapshot by Ilkka Heikkinen.
16:10 of 1st period - Stopped by Marc Denis with a rebound.
16:43 of 1st period - Wrist shot by Martin Samuelsson.
16:43 of 1st period - Shot Misses the Net.
17:26 of 1st period - Wrist shot by Shawn Matthias.
17:26 of 1st period - Deflect By Erik Condra.
17:26 of 1st period - Stopped by Ondrej Pavelec with a rebound.
17:45 of 1st period - Hal Gill is hit by Denis Shvidki and loses puck.
18:06 of 1st period - Wrist shot by Ryan Callahan.
18:06 of 1st period - Shot Misses the Net.
18:24 of 1st period - Kris Russell is hit by Shean Donovan and loses puck.
18:41 of 1st period - Off-side.
18:42 of 1st period - Denis Arkhipov wins face-off versus Shawn Matthias in neutral zone.
18:57 of 1st period - Snap shot by Eric Tangradi.
18:57 of 1st period - Stopped by Marc Denis without a rebound.
18:58 of 1st period - Martin Hanzal wins face-off versus David Krejci in Spitfire zone.
19:16 of 1st period - Richard Petiot is hit by Mathieu Roy and loses puck.
19:31 of 1st period - Hal Gill is hit by Denis Shvidki and loses puck.

2nd period


0:01 of 2nd period - Ryan Callahan wins face-off versus Martin Hanzal in neutral zone.
1:08 of 2nd period - Minor Penalty to Cal Clutterbuck for High sticking.
1:09 of 2nd period - David Krejci wins face-off versus Denis Arkhipov in Manchots zone.
1:14 of 2nd period - Snap shot by David Krejci.
1:14 of 2nd period - Stopped by Ondrej Pavelec without a rebound.
1:15 of 2nd period - Denis Arkhipov wins face-off versus David Krejci in Manchots zone.
1:30 of 2nd period - Wrist shot by Martin Samuelsson.
1:30 of 2nd period - Stopped by Ondrej Pavelec with a rebound.
2:26 of 2nd period - Petr Sykora is hit by Mathieu Roy and loses puck.
2:37 of 2nd period - Kris Russell is hit by Martin Samuelsson and loses puck.
2:48 of 2nd period - Snap shot by Tyler Kennedy.
2:48 of 2nd period - Stopped by Marc Denis with a rebound.
3:08 of 2nd period - Penalty to Cal Clutterbuck is over, Cal Clutterbuck is back on ice.
3:20 of 2nd period - Snap shot by Martin Hanzal.
3:20 of 2nd period - Stopped by Marc Denis with a rebound.
3:22 of 2nd period - Snap shot by Martin Hanzal.
3:22 of 2nd period - Shot Misses the Net.
4:27 of 2nd period - Keaton Ellerby is hit by Logan Couture and loses puck.
4:52 of 2nd period - Wrist shot by Wade Belak.
4:52 of 2nd period - Stopped by Marc Denis with a rebound.
5:08 of 2nd period - Wrist shot by Petr Sykora.
5:08 of 2nd period - Shot Blocked by Brad Staubitz.
5:52 of 2nd period - Richard Petiot is hit by Paul Bissonnette and loses puck.
6:03 of 2nd period - Kris Beech is hit by Richard Petiot and loses puck.
6:18 of 2nd period - Hal Gill is hit by Keaton Ellerby and loses puck.
7:22 of 2nd period - Shawn Matthias is hit by Cal Clutterbuck and loses puck.
8:02 of 2nd period - Richard Petiot is hit by Martin Samuelsson and loses puck.
8:15 of 2nd period - Eric Tangradi is hit by Danny Syvret and loses puck.
8:44 of 2nd period - Danny Syvret is hit by Cal Clutterbuck and loses puck.
9:04 of 2nd period - Matt Corrente is hit by Shean Donovan and loses puck.
9:29 of 2nd period - Slapshot by Ilkka Heikkinen.
9:29 of 2nd period - Stopped by Marc Denis without a rebound.
9:30 of 2nd period - Kris Beech wins face-off versus Denis Arkhipov in Spitfire zone.
9:37 of 2nd period - Icing by Eric Tangradi.
9:38 of 2nd period - Spencer Machacek wins face-off versus David Krejci in Manchots zone.
9:50 of 2nd period - Pernell Karl Subban is hit by Ryan Callahan and loses puck.
10:03 of 2nd period - Snap shot by Shean Donovan.
10:03 of 2nd period - Shot Misses the Net.
10:07 of 2nd period - Slapshot by Marc-Antoine Pouliot.
10:07 of 2nd period - Shot Blocked by Pernell Karl Subban.
10:09 of 2nd period - Snap shot by Keaton Ellerby.
10:09 of 2nd period - Shot Hit the Post.
10:11 of 2nd period - Wrist shot by Shean Donovan.
10:11 of 2nd period - Shot Misses the Net.
10:13 of 2nd period - Slapshot by Keaton Ellerby.
10:13 of 2nd period - Stopped by Ondrej Pavelec with a rebound.
10:15 of 2nd period - Slapshot by Keaton Ellerby.
10:15 of 2nd period - Deflect By Marc-Antoine Pouliot.
10:15 of 2nd period - Stopped by Ondrej Pavelec without a rebound.
10:16 of 2nd period - Martin Hanzal wins face-off versus David Krejci in Manchots zone.
10:21 of 2nd period - Wrist shot by Martin Hanzal.
10:21 of 2nd period - Stopped by Marc Denis with a rebound.
10:23 of 2nd period - Snap shot by Jamie Benn.
10:23 of 2nd period - Stopped by Marc Denis without a rebound.
10:24 of 2nd period - Martin Hanzal wins face-off versus David Krejci in Spitfire zone.
10:40 of 2nd period - Icing by Keaton Ellerby.
10:41 of 2nd period - David Krejci wins face-off versus Fredrik Sjostrom in Spitfire zone.
10:45 of 2nd period - Minor Penalty to Ryan Callahan for Holding.
10:46 of 2nd period - Shean Donovan wins face-off versus Logan Couture in Spitfire zone.
11:13 of 2nd period - Matt Walker is hit by Petr Sykora.
12:45 of 2nd period - Penalty to Ryan Callahan is over, Ryan Callahan is back on ice.
12:57 of 2nd period - Wrist shot by Shean Donovan.
12:57 of 2nd period - Stopped by Ondrej Pavelec without a rebound.
12:58 of 2nd period - Kris Beech wins face-off versus Denis Arkhipov in Manchots zone.
12:59 of 2nd period - Snap shot by Denis Shvidki.
12:59 of 2nd period - Shot Misses the Net.
13:01 of 2nd period - Slapshot by Matt Walker.
13:01 of 2nd period - Deflect By Denis Shvidki.
13:01 of 2nd period - Stopped by Ondrej Pavelec without a rebound.
13:02 of 2nd period - Denis Arkhipov wins face-off versus Kris Beech in Manchots zone.
13:02 of 2nd period - Denis Arkhipov is hit by Tim Kennedy.
13:55 of 2nd period - Danny Syvret is hit by Pernell Karl Subban and loses puck.
14:49 of 2nd period - Icing by Matt Corrente.
14:50 of 2nd period - Kris Beech wins face-off versus Petr Sykora in Manchots zone.
15:15 of 2nd period - Wade Belak is hit by Ryan Callahan and loses puck.
15:24 of 2nd period - Snap shot by David Krejci.
15:24 of 2nd period - Stopped by Ondrej Pavelec with a rebound.
15:26 of 2nd period - Slapshot by Matt Walker.
15:26 of 2nd period - Stopped by Ondrej Pavelec with a rebound.
15:28 of 2nd period - Slapshot by Matt Walker.
15:28 of 2nd period - Stopped by Ondrej Pavelec with a rebound.
15:45 of 2nd period - Slapshot by Hal Gill.
15:45 of 2nd period - Shot Misses the Net.
15:49 of 2nd period - Backhand shot by Alexander Radulov.
15:49 of 2nd period - Stopped by Marc Denis without a rebound.
15:50 of 2nd period - Tyler Kennedy wins face-off versus David Krejci in Spitfire zone.
16:05 of 2nd period - Snap shot by David Krejci.
16:05 of 2nd period - Shot Blocked by Hal Gill.
16:19 of 2nd period - Wrist shot by Tim Kennedy.
16:19 of 2nd period - Stopped by Ondrej Pavelec with a rebound.
16:33 of 2nd period - Icing by Shean Donovan.
16:34 of 2nd period - Marc-Antoine Pouliot wins face-off versus Martin Hanzal in Spitfire zone.
17:28 of 2nd period - Slapshot by Shean Donovan.
17:28 of 2nd period - Shot Hit the Post.
17:47 of 2nd period - Wade Belak is hit by Shean Donovan and loses puck.
18:10 of 2nd period - Snap shot by Wade Belak.
18:10 of 2nd period - Shot Misses the Net.
18:30 of 2nd period - Wrist shot by Martin Hanzal.
18:30 of 2nd period - Goal by Martin Hanzal - Manchots : 2 - Spitfire : 0.
18:31 of 2nd period - David Krejci wins face-off versus Logan Couture in neutral zone.
18:36 of 2nd period - Wrist shot by David Krejci.
18:36 of 2nd period - Stopped by Ondrej Pavelec without a rebound.
18:37 of 2nd period - Alexander Radulov wins face-off versus David Krejci in Manchots zone.
18:37 of 2nd period - Fredrik Sjostrom is hit by David Krejci and loses puck.
19:06 of 2nd period - Snap shot by Tyler Kennedy.
19:06 of 2nd period - Shot Misses the Net.
19:08 of 2nd period - Wrist shot by Petr Sykora.
19:08 of 2nd period - Stopped by Marc Denis without a rebound.
19:09 of 2nd period - Kris Beech wins face-off versus Tyler Kennedy in Spitfire zone.
19:09 of 2nd period - Kris Beech is hit by Cal Clutterbuck.
19:15 of 2nd period - Slapshot by Kevin Klein.
19:15 of 2nd period - Stopped by Ondrej Pavelec with a rebound.
19:17 of 2nd period - Wrist shot by Denis Shvidki.
19:17 of 2nd period - Stopped by Ondrej Pavelec with a rebound.
19:19 of 2nd period - Snap shot by Tim Kennedy.
19:19 of 2nd period - Stopped by Ondrej Pavelec without a rebound.
19:20 of 2nd period - Ryan Callahan wins face-off versus Logan Couture in Manchots zone.
19:35 of 2nd period - Martin Samuelsson is hit by Logan Couture and loses puck.
19:55 of 2nd period - Slapshot by Ilkka Heikkinen.
19:55 of 2nd period - Shot Misses the Net.
19:57 of 2nd period - Snap shot by Tyler Kennedy.
19:57 of 2nd period - Shot Misses the Net.

3rd period


0:01 of 3rd period - David Krejci wins face-off versus Logan Couture in neutral zone.
0:06 of 3rd period - Wrist shot by Ryan Callahan.
0:06 of 3rd period - Shot Blocked by Logan Couture.
0:08 of 3rd period - Slapshot by Matt Walker.
0:08 of 3rd period - Shot Misses the Net.
0:37 of 3rd period - Marc-Antoine Pouliot is hit by Ilkka Heikkinen and loses puck.
0:50 of 3rd period - Keaton Ellerby is hit by Jamie Benn and loses puck.
1:26 of 3rd period - Icing by Ilkka Heikkinen.
1:27 of 3rd period - Martin Hanzal wins face-off versus Shawn Matthias in Manchots zone.
1:33 of 3rd period - Snap shot by Mathieu Roy.
1:33 of 3rd period - Stopped by Ondrej Pavelec with a rebound.
1:35 of 3rd period - Slapshot by Mathieu Roy.
1:35 of 3rd period - Deflect By Petr Sykora.
1:35 of 3rd period - Stopped by Ondrej Pavelec with a rebound.
2:01 of 3rd period - Snap shot by Tim Kennedy.
2:01 of 3rd period - Shot Blocked by Ilkka Heikkinen.
2:44 of 3rd period - Wrist shot by Marc-Antoine Pouliot.
2:44 of 3rd period - Stopped by Ondrej Pavelec with a rebound.
2:46 of 3rd period - Snap shot by Paul Bissonnette.
2:46 of 3rd period - Stopped by Ondrej Pavelec without a rebound.
2:47 of 3rd period - Jamie Benn wins face-off versus Denis Shvidki in Manchots zone.
3:12 of 3rd period - Kevin Klein is hit by Logan Couture and loses puck.
3:41 of 3rd period - Kevin Klein is hit by Cal Clutterbuck and loses puck.
4:04 of 3rd period - Shawn Matthias is hit by Martin Hanzal.
4:16 of 3rd period - Snap shot by Denis Shvidki.
4:16 of 3rd period - Shot Misses the Net.
4:18 of 3rd period - Slapshot by Mathieu Roy.
4:18 of 3rd period - Shot Blocked by Pernell Karl Subban.
4:20 of 3rd period - Snap shot by Denis Shvidki.
4:20 of 3rd period - Deflect By Kris Beech.
4:20 of 3rd period - Stopped by Ondrej Pavelec without a rebound.
4:21 of 3rd period - David Krejci wins face-off versus Tyler Kennedy in Manchots zone.
4:46 of 3rd period - Pernell Karl Subban is hit by Paul Bissonnette and loses puck.
7:13 of 3rd period - Danny Syvret is hit by Denis Arkhipov and loses puck.
7:37 of 3rd period - Minor Penalty to Cal Clutterbuck for Tripping.
7:38 of 3rd period - David Krejci wins face-off versus Denis Arkhipov in Manchots zone.
7:39 of 3rd period - Slapshot by Martin Samuelsson.
7:39 of 3rd period - Deflect By Ryan Callahan.
7:39 of 3rd period - Shot Misses the Net.
7:39 of 3rd period - Puck is out of play.
7:40 of 3rd period - Denis Arkhipov wins face-off versus David Krejci in Manchots zone.
7:53 of 3rd period - Wrist shot by David Krejci.
7:53 of 3rd period - Stopped by Ondrej Pavelec without a rebound.
7:54 of 3rd period - Denis Arkhipov wins face-off versus David Krejci in Manchots zone.
8:20 of 3rd period - Matt Walker is hit by Hal Gill and loses puck.
9:37 of 3rd period - Penalty to Cal Clutterbuck is over, Cal Clutterbuck is back on ice.
9:48 of 3rd period - Wrist shot by Shawn Matthias.
9:48 of 3rd period - Shot Hit the Post.
9:50 of 3rd period - Backhand shot by Danny Syvret.
9:50 of 3rd period - Stopped by Ondrej Pavelec without a rebound.
9:51 of 3rd period - Shawn Matthias wins face-off versus Martin Hanzal in Manchots zone.
9:52 of 3rd period - Slapshot by Erik Condra.
9:52 of 3rd period - Deflect By Shawn Matthias.
9:52 of 3rd period - Shot Misses the Net.
9:52 of 3rd period - Puck is out of play.
9:53 of 3rd period - Martin Hanzal wins face-off versus Marc-Antoine Pouliot in Manchots zone.
9:53 of 3rd period - Martin Hanzal is hit by Keaton Ellerby.
10:05 of 3rd period - Slapshot by Martin Hanzal.
10:05 of 3rd period - Goal by Martin Hanzal - Manchots : 3 - Spitfire : 0.
10:06 of 3rd period - David Krejci wins face-off versus Logan Couture in neutral zone.
10:15 of 3rd period - Snap shot by Martin Samuelsson.
10:15 of 3rd period - Shot Misses the Net.
10:21 of 3rd period - Wrist shot by David Krejci.
10:21 of 3rd period - Shot Misses the Net.
10:31 of 3rd period - Kevin Klein is hit by Pernell Karl Subban and loses puck.
10:50 of 3rd period - Slapshot by Tyler Kennedy.
10:50 of 3rd period - Shot Misses the Net.
10:54 of 3rd period - Snap shot by Petr Sykora.
10:54 of 3rd period - Stopped by Marc Denis without a rebound.
10:55 of 3rd period - Tyler Kennedy wins face-off versus David Krejci in Spitfire zone.
10:58 of 3rd period - Slapshot by Petr Sykora.
10:58 of 3rd period - Shot Misses the Net.
11:20 of 3rd period - Denis Shvidki is hit by Logan Couture and loses puck.
11:25 of 3rd period - Snap shot by Fredrik Sjostrom.
11:25 of 3rd period - Shot Misses the Net.
11:27 of 3rd period - Slapshot by Logan Couture.
11:27 of 3rd period - Stopped by Marc Denis with a rebound.
11:29 of 3rd period - Slapshot by Kris Russell.
11:29 of 3rd period - Shot Hit the Post.
11:31 of 3rd period - Slapshot by Richard Petiot.
11:31 of 3rd period - Stopped by Marc Denis without a rebound.
11:32 of 3rd period - David Krejci wins face-off versus Martin Hanzal in Spitfire zone.
11:32 of 3rd period - David Krejci is hit by Martin Hanzal.
11:40 of 3rd period - Wrist shot by David Krejci.
11:40 of 3rd period - Shot Blocked by Richard Petiot.
11:42 of 3rd period - Wrist shot by Ryan Callahan.
11:42 of 3rd period - Goal by Ryan Callahan - Manchots : 3 - Spitfire : 1.
11:43 of 3rd period - Logan Couture wins face-off versus David Krejci in neutral zone.
11:56 of 3rd period - Snap shot by Alexander Radulov.
11:56 of 3rd period - Stopped by Marc Denis without a rebound.
11:57 of 3rd period - Denis Shvidki wins face-off versus Martin Hanzal in Spitfire zone.
12:09 of 3rd period - Wrist shot by Denis Shvidki.
12:09 of 3rd period - Stopped by Ondrej Pavelec without a rebound.
12:10 of 3rd period - Logan Couture wins face-off versus David Krejci in Manchots zone.
12:45 of 3rd period - Jamie Benn is hit by Tim Kennedy and loses puck.
13:04 of 3rd period - Wrist shot by Petr Sykora.
13:04 of 3rd period - Shot Misses the Net.
13:06 of 3rd period - Slapshot by Hal Gill.
13:06 of 3rd period - Shot Blocked by Keaton Ellerby.
13:08 of 3rd period - Slapshot by Hal Gill.
13:08 of 3rd period - Stopped by Marc Denis with a rebound.
13:10 of 3rd period - Wrist shot by Petr Sykora.
13:10 of 3rd period - Shot Misses the Net.
13:40 of 3rd period - Matt Walker is hit by Matt Corrente and loses puck.
13:49 of 3rd period - Ilkka Heikkinen is hit by Matt Walker and loses puck.
14:02 of 3rd period - Wrist shot by Wade Belak.
14:02 of 3rd period - Shot Misses the Net.
14:08 of 3rd period - Matt Corrente is hit by Keaton Ellerby and loses puck.
14:48 of 3rd period - Wrist shot by Alexander Radulov.
14:48 of 3rd period - Stopped by Marc Denis with a rebound.
14:50 of 3rd period - Snap shot by Logan Couture.
14:50 of 3rd period - Stopped by Marc Denis without a rebound.
14:51 of 3rd period - Martin Hanzal wins face-off versus Ryan Callahan in Spitfire zone.
15:02 of 3rd period - Slapshot by Martin Samuelsson.
15:02 of 3rd period - Shot Misses the Net.
15:04 of 3rd period - Slapshot by Keaton Ellerby.
15:04 of 3rd period - Stopped by Ondrej Pavelec with a rebound.
15:06 of 3rd period - Slapshot by Mathieu Roy.
15:06 of 3rd period - Stopped by Ondrej Pavelec with a rebound.
15:41 of 3rd period - Slapshot by Shean Donovan.
15:41 of 3rd period - Shot Misses the Net.
15:43 of 3rd period - Snap shot by Marc-Antoine Pouliot.
15:43 of 3rd period - Stopped by Ondrej Pavelec with a rebound.
15:45 of 3rd period - Slapshot by Keaton Ellerby.
15:45 of 3rd period - Shot Misses the Net.
15:47 of 3rd period - Snap shot by Shean Donovan.
15:47 of 3rd period - Shot Misses the Net.
15:49 of 3rd period - Snap shot by Paul Bissonnette.
15:49 of 3rd period - Shot Misses the Net.
16:07 of 3rd period - Richard Petiot is hit by Kevin Klein and loses puck.
16:18 of 3rd period - Wade Belak is hit by Tim Kennedy and loses puck.
16:39 of 3rd period - Denis Shvidki is hit by Logan Couture and loses puck.
17:08 of 3rd period - Snap shot by Marc-Antoine Pouliot.
17:08 of 3rd period - Shot Misses the Net.
17:10 of 3rd period - Slapshot by Matt Walker.
17:10 of 3rd period - Shot Misses the Net.
17:12 of 3rd period - Snap shot by Shean Donovan.
17:12 of 3rd period - Stopped by Ondrej Pavelec with a rebound.
18:39 of 3rd period - Slapshot by Ilkka Heikkinen.
18:39 of 3rd period - Shot Misses the Net.
18:41 of 3rd period - Slapshot by Tyler Kennedy.
18:41 of 3rd period - Stopped by Marc Denis with a rebound.
19:51 of 3rd period - Kris Beech is hit by Richard Petiot.


Output by the SimonT Hockey Simulator (STHS) for François Prévost -- Original Page W3C XHTML 1.0 Valid
Hockey Simulator - Hockey Simulation - Hockey Manager